AoeStats
← CrazyBen

African Clearing

506886920Analyzed
4v4 RM · 17d ago on Sep 15, 2026· 32m 50s· 8 players
Game mode
Random Map
Map size
Large (8 player)
Population
200
Speed
Normal
Resources
Standard
Victory
Conquest
Starting age
Dark Age
Ending age
Imperial Age
RankedLock teamsTeams togetherTeam positionsShared explorationLock speedFull tech treeHidden civsTurbo modeCheats
Victory
Defeat
🇬🇪 Wei · Georgia
1575
+10
🇯🇵 Burgundians · Japan
1559
+11
🇵🇪 Franks · Peru
1432
+16
🇨🇦 Goths · Canada
1380
+17
🇫🇷 Ethiopians · France
1463
-15
🇬🇧 Inca · United Kingdom
1439
-14
🇻🇳 Bohemians · Vietnam
1414
-13
🇨🇱 Teutons · Chile
1402
-12
CrazyBen
11:01 Loom
13:33 Feudal Age
17:19 Castle Age
16:08 Double-Bit Axe
21:33 Scale Mail Armor
Melodies of Life
5:12 Loom
15:25 Feudal Age
19:08 Wheelbarrow
19:29 Town Watch
28:18 Castle Age
Lishen
10:06 Loom
12:51 Feudal Age
14:00 Champi Runner
30:29 Fletching
Hennessy
4:33 Loom
12:52 Feudal Age
17:38 Castle Age
16:32 Double-Bit Axe
19:58 Scale Barding Armor
23:07 Town Watch
23:49 Horse Collar
24:24 Fletching
26:29 Scale Barding Armor
27:13 Bloodlines
28:35 Wheelbarrow
28:38 Town Patrol
29:39 Bodkin Arrow
BigBanana
3:24 Loom
11:18 Feudal Age
11:53 Double-Bit Axe
11:54 Town Watch
15:13 Forging
17:21 Wheelbarrow
22:00 Castle Age
19:53 Gold Mining
19:54 Stone Mining
21:26 Scale Mail Armor
22:04 Light Cavalry
22:58 Bow Saw
27:14 Squires
31:41 Chain Mail Armor
33:40 Iron Casting
[TMG] purple
6:51 Loom
12:37 Feudal Age
14:29 Double-Bit Axe
14:47 Town Watch
16:59 Fletching
17:24 Forging
17:04 Horse Collar
20:40 Bloodlines
20:38 Scale Barding Armor
22:03 Wheelbarrow
24:54 Castle Age
24:02 Stone Mining
24:03 Gold Mining
24:58 Light Cavalry
26:22 Husbandry
26:46 Chain Barding Armor
26:38 Bow Saw
26:32 Heavy Plow
28:27 Fletching
29:16 Bodkin Arrow
33:20 Hand Cart
Songoku
3:23 Loom
9:02 Double-Bit Axe
16:17 Feudal Age
20:07 Bow Saw
19:55 Horse Collar
27:24 Fletching
Squittlez
4:43 Loom
13:06 Feudal Age
13:12 Man-at-Arms
13:52 Double-Bit Axe
16:48 Scale Mail Armor
17:26 Forging
22:32 Fletching
27:45 Castle Age
27:13 Horse Collar
29:04 Chain Mail Armor
28:13 Long Swordsman
Connection lost

Rejoining the realm…

Still unreachable

The connection could not be restored.

Session expired

The server has moved on; the page needs a fresh start.